 Dungeon Crawl Stone Soup version 0.26-a0-667-g92642533e4 (webtiles) character file.

Game seed: 8907996790672557667

14261 somkeydreadnuts the Cleaver (level 12, 0/87 HPs)
             Began as a Formicid Fighter on Oct 17, 2020.
             Was a High Priest of Dithmenos.
             Slain by a 14-headed hydra (9 damage)
             ... on level 2 of the Lair of Beasts.
             The game lasted 00:53:40 (11759 turns).

somkeydreadnuts the Cleaver (Formicid Fighter)     Turns: 11759, Time: 00:53:42

Health: 0/87       AC: 26    Str: 29    XL:     12   Next: 43%
Magic:  12/12      EV:  6    Int: 11    God:    Dithmenos [*****.]
Gold:   455        SH: 19    Dex: 10    Spells: 11/11 levels left

rFire    x . .     SeeInvis +   K - +4 broad axe "Undertaker" {drain, +Blink Int+4 Stlth+}
rCold    + + .     Faith    +   o - +0 tower shield
rNeg     . . .     Spirit   .   B - +2 plate armour {MR+}
rPois    +         Reflect  .   (helmet unavailable)
rElec    .         Harm     .   x - +2 cloak {rPois}
rCorr    .         Rampage  .   i - +2 pair of gloves
MR       ++...                  g - +1 pair of boots
Stlth    ..........             s - amulet of faith
HPRegen  0.24/turn              C - ring of protection from cold
MPRegen  0.13/turn              O - ring of ice

@: mighty, wreathed by umbra
A: permanent stasis, dig shafts and tunnels, four strong arms, antennae 3, frail
1, strong 1
a: Dig, Shaft Self, Shadow Step, Shadow Form, Renounce Religion


You were on level 2 of the Lair of Beasts.
You worshipped Dithmenos.
Dithmenos was extremely pleased with you.
You visited 3 branches of the dungeon, and saw 14 of its levels.

You collected 671 gold pieces.
You spent 216 gold pieces at shops.

Inventory:

Hand Weapons
 c - a +0 arbalest
 w - a +4 quarterstaff of chaos
 H - a +4 great sword of freezing
 I - a +0 flail of distortion
 K - the +4 broad axe "Undertaker" (weapon) {drain, +Blink Int+4 Stlth+}
   (You bought it in a shop on level 8 of the Dungeon)

   A truly terrible weapon, it drains the life of those it strikes.
   It affects your intelligence (+4).
   It lets you blink.
   It makes you more stealthy.
 N - the +10 long sword "Niqoorom" {pain, *Slow MR+ Int+4}
   (You found it on level 10 of the Dungeon)

   In the hands of one skilled in necromantic magic, it inflicts extra damage on
   living creatures.
   It affects your intelligence (+4).
   It affects your resistance to hostile enchantments.
   It may slow you when you take damage.
Missiles
 F - 102 bolts
Armour
 g - a +1 pair of boots (worn)
 i - a +2 pair of gloves (worn)
 o - a +0 tower shield (worn)
 x - a +2 cloak of poison resistance (worn)
 B - a +2 plate armour of magic resistance (worn)
 D - a +0 kite shield
Jewellery
 s - an amulet of faith (around neck)
 C - a ring of protection from cold (left hand)
 L - an uncursed ring of poison resistance
 M - an uncursed ring of wizardry
 O - a ring of ice (right hand)
Wands
 j - a wand of paralysis (5)
 u - a wand of random effects (51)
 E - a wand of enslavement (7)
 Q - a wand of polymorph (4)
Scrolls
 b - 3 scrolls of magic mapping {unknown}
 e - 9 scrolls of remove curse {unknown}
 f - 11 scrolls of identify
 h - 5 scrolls of amnesia {unknown}
 l - 3 scrolls of enchant armour {unknown}
 m - 6 scrolls of teleportation {unknown}
 r - 5 scrolls of random uselessness {unknown}
 t - 3 scrolls of immolation {unknown}
 y - a scroll of fear {unknown}
 G - a scroll of fog {unknown}
 J - a scroll of holy word {unknown}
 P - a scroll of brand weapon {unknown}
Potions
 a - a potion of invisibility {unknown}
 d - 4 potions of might
 k - 7 potions of curing
 n - 2 potions of magic {unknown}
 p - 2 potions of degeneration {unknown}
 q - 2 potions of stabbing
 v - 2 potions of ambrosia
 z - a potion of heal wounds {unknown}
 A - a potion of mutation


   Skills:
 - Level 9.8 Fighting
 - Level 6.5 Long Blades
 - Level 11.0 Axes
 - Level 1.2 Staves
 * Level 10.2 Armour
 - Level 0.1 Dodging
 + Level 10.2 Shields


You had 11 spell levels left.
You didn't know any spells.
Your spell library contained the following spells:

 Spells                   Type           Power        Failure   Level
 Magic Dart               Conj           #...         100%        1
 Call Imp                 Summ           #.......     100%        2
 Searing Ray              Conj           #.....       100%        2
 Slow                     Hex            #.......     100%        2
 Conjure Flame            Conj/Fire      #.......     100%        3
 Dazzling Flash           Conj/Hex       #.....       100%        3
 Mephitic Cloud           Conj/Pois/Air  #.......     100%        3
 Fulminant Prism          Conj/Hex       #.........   100%        4
 Iskenderun's Mystic Bla  Conj/Tloc      #.......     100%        4
 Blink                    Tloc           Unusable     N/A         2

Dungeon Overview and Level Annotations

Branches:
Dungeon (11/15)            Temple (1/1) D:5            Lair (2/6) D:10
    Orc (0/2) D:9
  Swamp: Lair:2-4    Shoals: Lair:2-4     Snake: Lair:2-4    Spider: Lair:2-4

Altars:
Ashenzari
Cheibriados
Dithmenos
Elyvilon
Fedhas
Gozag
Hepliaklqana
Kikubaaqudgha
Makhleb
Nemelex Xobeh
Okawaru
Qazlal
Ru
Sif Muna
Trog
Uskayaw
Vehumet
Wu Jian
Xom
Yredelemnul
Zin
The Shining One

Shops:
D:8 ((***

Annotations:
Lair:1 exclusion: oklob plant


Innate Abilities, Weirdness & Mutations

You cannot be hasted, slowed, berserked, paralysed or teleported.
You can dig through walls and to a lower floor.
Your four strong arms can wield two-handed weapons with a shield.
You have a pair of large antennae on your head. (SInv)
You are frail. (-10% HP)
Your muscles are strong. (Str +2)


Message History

The 14-headed hydra completely misses you.
The 14-headed hydra bites you.
* * * LOW HITPOINT WARNING * * *
The 14-headed hydra bites you but does no damage.
The 14-headed hydra barely misses you. You block the 14-headed hydra's attack.
The 14-headed hydra bites you but does no damage.
You block the 14-headed hydra's attack.
The 14-headed hydra bites you but does no damage.
The 14-headed hydra barely misses you.
The 14-headed hydra bites you but does no damage.
You block the 14-headed hydra's attack.
The 14-headed hydra bites you but does no damage.
You barely miss the 14-headed hydra.
The 14-headed hydra is almost dead.
The 14-headed hydra closely misses you. You block the 14-headed hydra's attack.
The 14-headed hydra bites you but does no damage. x2
You block the 14-headed hydra's attack.
The 14-headed hydra bites you but does no damage. x2
You block the 14-headed hydra's attack. x2; The 14-headed hydra bites you!
You die...

#.#####.. ......... ..
....... ......... .+
......# #.#.#.... #.
.....># ....# ....##.##
......# ....# .. ....##
......# ...##....# #...#
....... ...##....#
#..P##......P
...##....###....@D......
...##.....##..###......#
.P##.....###..# ......#
..#.#.....##..##........
........^...............
........................
........................
........................
.#..P.....P###..##..


You could see a 14-headed hydra (drained).

Vanquished Creatures
  A two-headed ogre (D:9)
  Erica (Lair:2)
  Pikel (D:7)
  5 elephants (Lair:2)
  2 cane toads
  2 black mambas (Lair:1)
  2 komodo dragons (Lair:1)
  2 trolls
  Prince Ribbit (D:6)
  3 blink frogs (Lair:1)
  9 yaks
  3 wyverns
  4 basilisks
  3 water moccasins
  4 sky beasts
  5 ice beasts
  2 orc warriors
  4 black bears
  A necrophage (D:9)
  6 centaurs
  7 ogres
  3 big kobolds
  9 bullfrogs
  A scorpion (D:4)
  A wyvern skeleton (D:10)
  3 killer bees (D:8)
  7 wights
  2 howler monkeys
  5 jellies
  5 hounds
  A centaur zombie (D:6)
  Crazy Yiuf (D:2)
  5 bullfrog skeletons
  A quasit (D:8)
  4 orc priests
  Jessica (D:3)
  3 centaur skeletons
  2 iguanas
  5 orc wizards
  9 worker ants
  A hound zombie (D:10)
  2 hound skeletons
  A mummy (D:6)
  2 worker ant zombies
  13 adders
  8 gnolls
  A shadow imp (D:6)
  3 white imps
  2 ufetubi
  An adder zombie (D:9)
  An adder skeleton (D:6)
  4 worms
  A dart slug (D:4)
  5 leopard geckos
  31 orcs
  6 giant cockroaches
  6 goblins
  3 hobgoblins
  9 jackals
  5 quokkas
  2 ball pythons
  11 bats
  A frilled lizard (D:2)
  15 kobolds
  A kobold zombie (D:6)
  3 orc zombies (D:6)
  7 rats
281 creatures vanquished.

Vanquished Creatures (others)
  2 plants (D:8)
2 creatures vanquished.

Grand Total: 283 creatures vanquished

Notes
Turn   | Place    | Note
-------+----------+-------------------------------------------
     0 | D:1      | somkeydreadnuts the Formicid Fighter began the quest for
                  | the Orb.
     0 | D:1      | Reached XP level 1. HP: 18/18 MP: 1/1
   278 | D:1      | Reached XP level 2. HP: 9/24 MP: 2/2
   836 | D:1      | Reached XP level 3. HP: 29/30 MP: 3/3
  1368 | D:2      | Reached XP level 4. HP: 36/37 MP: 4/4
  1486 | D:2      | Found a snail-covered altar of Cheibriados.
  2136 | D:2      | Found a runed translucent door.
  2137 | D:2      | Noticed Crazy Yiuf
  2362 | D:3      | Reached XP level 5. HP: 42/42 MP: 5/5
  2388 | D:3      | Reached skill level 5 in Shields
  2677 | D:2      | Killed Crazy Yiuf
  2897 | D:3      | Noticed Jessica
  2903 | D:3      | Killed Jessica
  3415 | D:4      | Reached XP level 6. HP: 46/48 MP: 6/6
  3525 | D:4      | Reached skill level 5 in Armour
  3541 | D:4      | Noticed an ogre
  3548 | D:4      | Killed an ogre
  3548 | D:4      | Reached skill level 1 in Staves
  3821 | D:4      | Reached XP level 7. HP: 53/53 MP: 7/7
  4199 | D:5      | Entered Level 5 of the Dungeon
  4390 | D:5      | Found a blossoming altar of Fedhas.
  4457 | D:5      | Found a staircase to the Ecumenical Temple.
  4591 | D:5      | Found a glowing drain.
  4810 | D:5      | Reached XP level 8. HP: 55/60 MP: 8/8
  4966 | D:5      | Reached skill level 3 in Axes
  5197 | Temple   | Entered the Ecumenical Temple
  5418 | Temple   | Became a worshipper of Dithmenos the Shadowed
  5541 | D:6      | Reached skill level 4 in Axes
  5621 | D:6      | Found a bloodstained altar of Trog.
  5639 | D:6      | Reached skill level 5 in Fighting
  5647 | D:6      | Reached skill level 5 in Axes
  5773 | D:6      | Reached XP level 9. HP: 68/68 MP: 9/9
  5776 | D:6      | Reached * piety under Dithmenos
  5837 | D:6      | Noticed Prince Ribbit
  6025 | D:6      | Reached skill level 6 in Axes
  6205 | D:6      | Killed Prince Ribbit
  6361 | D:6      | Reached skill level 7 in Axes
  6617 | D:7      | Noticed Pikel
  6639 | D:7      | Killed Pikel
  6642 | D:7      | Reached skill level 8 in Axes
  6658 | D:7      | Reached XP level 10. HP: 80/80 MP: 10/10
  6667 | D:7      | Reached ** piety under Dithmenos
  6863 | D:7      | You fall into a shaft and drop 3 floors!
  6863 | D:10     | Entered Level 10 of the Dungeon
  6915 | D:9      | Reached skill level 1 in Long Blades
  7208 | D:8      | Reached skill level 5 in Long Blades
  7274 | D:8      | Reached *** piety under Dithmenos
  7281 | D:8      | Found Qegrig's Antique Weapon Emporium.
  7285 | D:8      | Bought a smoking broad axe for 216 gold pieces
  7285 | D:8      | Identified the +4 broad axe "Undertaker" {drain, +Blink
                  | Int+4 Stlth+} (You bought it in a shop on level 8 of the
                  | Dungeon)
  7325 | D:8      | Found Biluseji's Antique Weapon Shoppe.
  7391 | D:8      | Found Yprosch's Assorted Antiques.
  7440 | D:8      | Found Wergho's Assorted Antiques.
  7449 | D:8      | Gained mutation: You are frail. (-10% HP) [potion of
                  | mutation]
  7449 | D:8      | Gained mutation: Your muscles are strong. (Str +2) [potion
                  | of mutation]
  7743 | D:8      | Found Tuonac's General Store.
  8046 | D:9      | Noticed a two-headed ogre
  8055 | D:9      | Killed a two-headed ogre
  8055 | D:9      | Reached skill level 9 in Axes
  8055 | D:9      | Reached XP level 11. HP: 51/80 MP: 11/11
  8240 | D:9      | Found a shimmering altar of Xom.
  8481 | D:9      | Found a staircase to the Orcish Mines.
  8535 | D:9      | Reached **** piety under Dithmenos
  9252 | D:10     | Found a staircase to the Lair.
  9277 | D:10     | Reached skill level 10 in Axes
  9476 | D:10     | Got a dazzling long sword
 10000 | D:10     | Identified the +10 long sword "Niqoorom" {pain, *Slow MR+
                  | Int+4} (You found it on level 10 of the Dungeon)
 10107 | Lair:1   | Entered Level 1 of the Lair of Beasts
 10190 | Lair:1   | Reached skill level 11 in Axes
 10196 | Lair:1   | Found a gate leading to a gauntlet.
 10747 | Lair:1   | Reached ***** piety under Dithmenos
 11013 | Lair:1   | Noticed an oklob plant
 11122 | Lair:1   | Reached XP level 12. HP: 87/87 MP: 12/12
 11210 | Lair:2   | Noticed Erica
 11238 | Lair:2   | Killed Erica
 11364 | Lair:2   | Reached skill level 10 in Armour
 11365 | Lair:2   | Reached skill level 10 in Shields
 11741 | Lair:2   | Noticed an eight-headed hydra
 11759 | Lair:2   | Slain by a 14-headed hydra

Illustrated notes

Levels and vault maps discovered:
D:1:      tarquinn_simple_flora_water_e, layout_loops_cross
D:2:      layout_loops_corners, nicolae_overflow_crystal_walls,
          uniq_crazy_yiuf_cottage
D:3:      layout_basic, uniq_jessica
D:4:      layout_loops_cross
D:5:      layout_loops_ring, kennysheep_mini, temple_fountains,
          gup_sewer_entry_bubbles
D:6:      layout_basic, trog_ov_bears_minmay, minmay_mini_ossuary,
          uniq_prince_ribbit1
D:7:      layout_rooms, lightli_orcish_oven, uniq_pikel
D:8:      layout_loops_ring, serial_shops, shop,
          nicolae_shop_overgrown_old_shop, shop, kennysheep_mini_moat, shop
D:9:      layout_irregular_city, old_standard_altar, orc_0_dummy
D:10:     layout_layer_cave, lair_entry_dummy
D:11:     layout_rooms
Temple:   eino_narrow_crystal_temple
Lair:1:   layout_misc_corridors, gauntlet_entry_generic, beast_lair_carwin_11,
          minmay_lair_oklob_chamber, grunt_megastairs_1,
          infiniplex_staircase_pool_2
Lair:2:   layout_regular_city, eino_small_chamber_without_monster,
          grunt_megastairs_2, serial_bayou_shore_a, uniq_erica

Skill      XL: |  1  2  3  4  5  6  7  8  9 10 11 12 |
---------------+-------------------------------------+-----
Shields        | 4 5 6 7 8 10 | 10.2
Armour         | 4 5 7 8 10 | 10.2
Staves         | 1 |  1.2
Fighting       | 5 8 9 |  9.8
Axes           | 5 8 9 11 | 11.0
Long Blades    | 6 |  6.5
Dodging        | |  0.1

Action                   |  1- 3 |  4- 6 |  7- 9 | 10-12 || total
-------------------------+-------+-------+-------+-------++-------
Melee: War axe           |    95 |    97 |       |       ||   192
       Quarterstaff      |       |    46 |   241 |    57 ||   344
       Broad axe         |       |       |       |   343 ||   343
       Great sword       |       |       |       |    53 ||    53
 Abil: Dig               |       |       |       |     2 ||     2
  Use: Potion            |       |       |       |     7 ||     7
       Scroll            |       |       |       |     1 ||     1
 Stab: Paralysed         |       |     5 |     3 |       ||     8
       Petrified         |       |       |     3 |       ||     3
       Petrifying        |       |       |     1 |       ||     1
Armor: Scale mail        |     7 |       |       |       ||     7
       Chain mail        |    35 |    66 |     7 |       ||   108
       Plate armour      |       |       |   107 |   351 ||   458
Dodge: Dodged            |    28 |    20 |    23 |   104 ||   175
Block: Kite shield       |    52 |    21 |       |       ||    73
       Tower shield      |       |   132 |   203 |   547 ||   882
       Rpst.: Great sword |       |       |       |     2 ||     2

Table legend: (Time is in decaauts)
 A = Elapsed time spent in this place.
 B = Non-inter-level travel time spent in this place.
 C = Inter-level travel time spent in this place.
 D = Time resting spent in this place.
 E = Time spent auto-exploring this place.
 F = Levels seen in this place.
 G = Mean time per level.
                   A        B        C        D        E       F      G
               +--------+--------+--------+--------+--------+-----+--------+
         Total |  12104 |  11699 |    405 |      0 |   7186 |  14 |  864.6 |
       Dungeon |  10151 |   9991 |    160 |      0 |   6048 |  11 |  922.8 |
        Temple |    270 |     35 |    235 |      0 |      0 |   1 |  270.0 |
          Lair |   1682 |   1672 |     10 |      0 |   1138 |   2 |  841.0 |
               +--------+--------+--------+--------+--------+-----+--------+

Top non-repeatable levels by time:
     D:2: 1385 daAuts
     D:9: 1249 daAuts
     D:1: 1156 daAuts
     D:6: 1122 daAuts
  Lair:1: 1114 daAuts
     D:5: 1111 daAuts
    D:10: 1079 daAuts
     D:8: 986 daAuts
     D:3: 958 daAuts
     D:4: 811 daAuts
  Lair:2: 568 daAuts
     D:7: 287 daAuts
  Temple: 270 daAuts
    D:11: 1 daAuts
